 Dungeon Crawl Stone Soup version 0.15.2 (webtiles) character file.

175 theanonym the Slasher (level 5, -2/36 HPs)
             Began as a High Elf Death Knight on Dec 6, 2018.
             Was a Priest of Yredelemnul.
             Slain by an ogre
             ... wielding a +0 giant club
              (17 damage)
             ... on Level 4 of the Dungeon.
             The game lasted 00:07:39 (3800 turns).

theanonym the Slasher (High Elf Death Knight)       Turns: 3800, Time: 00:07:39

HP  -2/36        AC 11     Str 19      XL: 5   Next: 29%
MP  11/11        EV  6     Int 15      God: Yredelemnul [***...]
Gold 196         SH  0     Dex 14      Spells:  0 memorised,  4 levels left

rFire  . . .     SeeInvis .     a - +2 falchion
rCold  . . .     Clarity  .     r - +0 chain mail
rNeg   + . .     rCorr    .     (no shield)
rPois  .         rRot     .     k - +0 helmet
rElec  .         Spirit   .     (no cloak)
SustAb .         Warding  +     (no gloves)
rMut   .         Stasis   .     n - +1 pair of boots
Gourm  .                        u - amulet of warding
MR     .....                    (no ring)
                                p - +6 ring of strength

@: not resistant to hostile enchantments, extremely unstealthy
A: no striking features
a: Animate Dead, Recall Undead Slaves, Injury Mirror, Renounce Religion


   Skills:
 + Level 3.4 Fighting
 * Level 5.4 Long Blades
 - Level 0.8 Armour
 - Level 1.1 Dodging
 + Level 3.4 Invocations


You had 4 spell levels left.
You didn't know any spells.

Action                   |  1- 3 |  4- 6 || total
-------------------------+-------+-------++-------
Melee: Falchion          |   141 |   162 ||   303
Invok: Animate Remains   |    15 |    14 ||    29
       Animate Dead      |       |     5 ||     5
  Use: Scroll            |    11 |     2 ||    13
 Stab: Distracted        |       |     1 ||     1
  Eat: Meat ration       |     1 |       ||     1
       Bread ration      |       |     1 ||     1
       Chunk             |       |     2 ||     2

Inventory:

Hand weapons
 a - a +2 falchion (weapon)
Armour
 k - a +0 helmet (worn)
   (You found it on level 4 of the Dungeon)
 n - a +1 pair of boots (worn)
   (You found it on level 2 of the Dungeon)
 r - a +0 chain mail (worn)
   (You found it on level 2 of the Dungeon)
Comestibles
 c - a royal jelly
 j - a beef jerky
 t - 2 meat rations
 v - a bread ration
Scrolls
 e - 2 scrolls of remove curse
 g - a scroll of amnesia
 i - 6 scrolls of blinking
 l - a scroll of recharging
 m - 4 scrolls of teleportation {!r}
Jewellery
 p - a +6 ring of strength (left hand)
   (You found it on level 2 of the Dungeon)
 u - an amulet of warding (around neck)
   (You found it on level 4 of the Dungeon)
Potions
 b - 2 potions of flight
 d - 2 potions of porridge
 f - 3 potions of invisibility
 h - a potion of brilliance {unknown}
 o - a potion of poison {unknown}
 q - a potion of magic {unknown}
 s - a potion of lignification {unknown}


You were on level 4 of the Dungeon.
You worshipped Yredelemnul.
Yredelemnul was most pleased with you.
You were hungry.

You visited 1 branch of the dungeon, and saw 4 of its levels.
You also visited: Sewer.

You collected 196 gold pieces.

Dungeon Overview and Level Annotations

Branches:
Dungeon (4/15)
 Temple: D:4-7

Altars:
Nemelex Xobeh
Xom

#...# #.#.....#.##.# #...#
#............# #...#
###..........#####
###...#######..#.#..##.....#
.............>...#..##.....#
...............#.#...ZZ....#
..............##.#.###....)#
###...#######..............#
#...# ####@########### #...#
#O# ##### #...#
####Z###....... ###...#####
#..$.))..# ..........#
#.##.##..# ###.......# # #..
..... ####...#..# ###
..##... ......###.. ..# ##
####...# . ...


You could see an ogre and a friendly rat zombie.

Notes
Turn   | Place    | Note
--------------------------------------------------------------
     0 | D:1      | theanonym, the High Elf Death Knight, began the quest for the Orb.
     0 | D:1      | Reached XP level 1. HP: 14/14 MP: 3/3
   238 | D:1      | HP: 6/14 [hobgoblin (4)]
   459 | D:1      | Reached skill level 3 in Long Blades
   466 | D:1      | Reached XP level 2. HP: 14/19 MP: 4/4
   570 | D:1      | HP: 9/19 [adder (2)]
   572 | D:1      | HP: 4/19 [adder (3)]
   579 | D:1      | HP: 2/19 [poisoned by an adder]
  1343 | D:2      | Reached XP level 3. HP: 25/25 MP: 7/7
  1432 | D:2      | Acquired Yredelemnul's second power
  1492 | D:2      | Reached skill level 4 in Long Blades
  1903 | D:2      | Found a shimmering altar of Xom.
  2082 | D:3      | Found a glowing drain.
  2090 | Sewer    | Entered a sewer
  2104 | Sewer    | Reached XP level 4. HP: 24/30 MP: 6/9
  2777 | D:3      | Reached skill level 3 in Fighting
  2786 | D:3      | Found a sparkling altar of Nemelex Xobeh.
  2971 | D:3      | Reached skill level 5 in Long Blades
  3153 | D:3      | Reached XP level 5. HP: 32/36 MP: 11/11
  3190 | D:3      | Acquired Yredelemnul's third power
  3786 | D:4      | Noticed an ogre
  3787 | D:4      | HP: 16/36 [ogre/giant club (20)]
  3795 | D:4      | HP: 15/36 [orc/hand axe (2)]
  3800 | D:4      | Slain by an ogre

Vanquished Creatures
  6 adders
  A giant mite (Sewer)
  2 worms
  6 giant geckos
  An ooze (D:4)
  3 orcs
  2 giant cockroaches
  7 goblins
  7 hobgoblins
  9 jackals
  6 kobolds
  A quokka (D:2)
  2 ball pythons
  12 bats
  5 giant newts
  A quokka skeleton (D:4)
  8 rats
79 creatures vanquished.

Vanquished Creatures (collateral kills)
  An adder (D:1)
  A giant mite (Sewer)
  2 giant cockroaches
  A goblin (D:3)
  A hobgoblin (D:1)
  A ball python (D:3)
  2 bats (Sewer)
  2 giant newts
11 creatures vanquished.

Vanquished Creatures (others)
  A bat zombie (D:1)
  A ball python zombie (Sewer)
  3 giant cockroach zombies
  A giant gecko zombie (Sewer)
  A giant newt zombie (Sewer)
  A hobgoblin zombie (D:1)
  A jackal zombie (Sewer)
  An orc zombie (D:4)
10 creatures vanquished.

Grand Total: 100 creatures vanquished

Table legend:
 A = Turns spent in this place as a percentage of turns spent in the entire game.
 B = Non-inter-level travel turns spent in this place as a percentage of non-inter-level travel turns spent in the entire game.
 C = Inter-level travel turns spent in this place as a percentage of turns spent in this place.
 D = Turns resting spent in this place as a percentage of non-inter-level travel turns spent in this place.
 E = Turns spent auto-exploring this place as a percentage of non-inter-level travel turns spent in this place.
 F = Non-inter-level travel turns spent in this place divided by the number of levels of this place that you've seen.
                   A       B       C       D       E      F
               +-------+-------+-------+-------+-------+----------------------
         Total | 100.0 | 100.0 |   0.6 |   1.7 |  12.1 | 252.4
       Dungeon |  77.5 |  77.4 |   0.7 |   1.5 |  13.9 | 244.2
         Sewer |  22.5 |  22.6 |   0.0 |   2.5 |   6.0 | 285.0
               +-------+-------+-------+-------+-------+----------------------
